Map: Fields of Death

Players

PiPuxD - Winner!

  • Race: Zerg Zerg
  • League: Gold
  • Spawn Location: 6:00

MattBarry - Winner!

  • Race: Zerg Zerg
  • League: Gold
  • Spawn Location: 7:00

RAMCHITRIBE

  • Race: Protoss Protoss
  • League: Diamond
  • Spawn Location: 12:00

Kurb

  • Race: Zerg Zerg
  • Spawn Location: 12:00

VOD

Have the link to the VOD?

Description

Time

  • Played on: Jan. 27, 2023, 9:47 p.m.
  • Length: 9:45
Show
View Real Time Build Order
Export as new Build Order

PiPuxD Zerg - Winner!

Build Orders: Hatch First 

Get SALT Encoding   

  12  0:07  Drone  
  13  0:13  Overlord  
  13  0:17  Drone  
  14  0:32  Drone x2  
  16  0:51  Hatchery  
  16  0:54  Drone  
  16  1:03  Drone  
  17  1:12  Spawning Pool  
  17  1:15  Drone  
  17  1:21  Drone, Extractor  
  17  1:29  Drone  
  18  1:39  Overlord  
  18  1:44  Drone  
  19  1:57  Drone  
  20  2:02  Queen  
  20  2:03  Queen  
  24  2:08  Drone  
  24  2:09  Drone  
  26  2:25  Drone x2  
  26  2:26  Drone  
  26  2:29  Zergling x2  
  30  2:35  Overlord  
  32  2:51  Drone x3  
  32  2:54  Roach Warren, Lair  
  31  3:04  Queen  
  33  3:08  Metabolic Boost  
  33  3:09  Drone x2  
  33  3:10  Drone  
  36  3:14  Drone x2  
  38  3:21  Overlord  
  38  3:24  Drone x2  
  40  3:41  Extractor, Drone x5  
  44  3:51  Drone x6  
  50  4:00  Hatchery  
  49  4:13  Extractor  
  49  4:14  Hydralisk Den, Extractor  
  46  4:21  Drone x4  
  46  4:22  Zergling x2  
  46  4:23  Overlord  
  46  4:24  Overlord  
  51  4:33  Glial Reconstitution  
  51  4:43  Drone x6  
  57  4:56  Grooved Spines  
  57  5:02  Spore Crawler x2  
  57  5:04  Spore Crawler  
  54  5:16  Drone  
  54  5:17  Drone x8  
  63  5:24  Hydralisk  
  63  5:26  Hydralisk x4  
  73  5:31  Overseer  
  73  5:33  Overlord x3  
  73  5:38  Spire  
  73  5:40  Spore Crawler  
  71  5:43  Spore Crawler  
  71  5:45  Spore Crawler x2  
  71  5:48  Hydralisk, Spore Crawler  
  69  6:05  Hydralisk x5  
  69  6:07  Muscular Augments  
  69  6:10  Extractor  
  78  6:13  Extractor  
  77  6:19  Hydralisk x2  
  77  6:25  Overlord x4  
  81  6:39  Overlord x2  
  81  6:40  Overlord  
  81  6:42  Queen  
  83  7:02  Drone x4  
  83  7:03  Drone x2, Overlord x2  
  89  7:09  Spire  
  88  7:16  Spore Crawler, Drone x3  
  88  7:17  Drone x3  
  88  7:20  Overseer  
  93  7:32  Pneumatized Carapace  
  93  7:37  Infestation Pit  
  92  7:44  Evolution Chamber  
  92  7:45  Evolution Chamber  
  90  8:07  Hydralisk, Drone x3  
  90  8:08  Hydralisk x10  
  115  8:16  Hive  
  115  8:23  Drone x3  
  115  8:24  Drone  
  115  8:25  Hydralisk x2  
  123  8:36  Hydralisk  
  123  8:37  Hydralisk x2  
Show
View Real Time Build Order
Export as new Build Order

MattBarry Zerg - Winner!

Build Orders: Hatch First 

Get SALT Encoding   

  12  0:00  Drone  
  13  0:12  Overlord  
  13  0:17  Drone  
  14  0:30  Drone  
  14  0:31  Drone  
  16  0:53  Drone  
  16  0:54  Hatchery  
  16  0:57  Drone  
  17  1:07  Drone  
  17  1:10  Extractor  
  17  1:18  Spawning Pool  
  17  1:20  Drone  
  17  1:27  Drone  
  17  1:29  Drone  
  19  1:40  Overlord  
  19  1:53  Drone  
  20  2:06  Zergling x2  
  21  2:11  Metabolic Boost  
  21  2:15  Queen  
  21  2:18  Queen  
  21  2:20  Zergling x4  
  21  2:21  Drone  
  28  2:34  Extractor  
  27  2:40  Zergling x4  
  27  2:41  Zergling x4  
  31  2:46  Overlord  
  31  3:00  Zergling x2, Drone  
  31  3:01  Zergling x2  
  34  3:06  Evolution Chamber  
  34  3:09  Queen  
  35  3:15  Zergling x2  
  36  3:22  Queen  
  38  3:31  Drone  
  38  3:32  Drone x3  
  40  3:46  Zergling x6  
  40  3:47  Zergling x2  
  42  3:59  Drone x2  
  42  4:00  Overlord  
  44  4:13  Roach Warren  
  44  4:14  Zerg Ground Armor Level 1  
  43  4:21  Drone x2  
  43  4:22  Drone  
  45  4:41  Pneumatized Carapace  
  45  4:50  Overlord  
  45  4:53  Roach x3  
  45  4:54  Lair  
  51  5:02  Overlord  
  51  5:11  Drone x4  
  51  5:12  Evolution Chamber, Drone x2  
  56  5:19  Overlord  
  54  5:41  Spore Crawler  
  52  5:43  Spore Crawler x2  
  50  5:59  Hydralisk Den  
  50  6:01  Zerg Missile Weapons Level 1  
  49  6:18  Spore Crawler  
  48  6:29  Drone x2  
  48  6:30  Drone x7  
  57  6:52  Drone x2  
  57  6:53  Drone x6  
  65  7:02  Grooved Spines  
  65  7:06  Hydralisk  
  65  7:07  Overlord x2  
  67  7:29  Hydralisk x2  
  67  7:30  Hydralisk x4  
  79  7:38  Extractor  
  79  7:39  Extractor  
  77  7:45  Overlord  
  77  7:46  Overlord  
  77  7:56  Overseer  
  77  7:57  Spore Crawler  
  76  8:02  Overlord x2  
  76  8:05  Hydralisk x4  
  84  8:14  Muscular Augments  
  84  8:16  Drone x2  
  84  8:17  Drone x3  
  84  8:53  Hydralisk x4  
  84  8:54  Hydralisk x2  
  96  9:15  Hydralisk x5  
  105  9:26  Overlord x3  
Show
View Real Time Build Order
Export as new Build Order

RAMCHITRIBE Protoss 

Build Orders: Nexus First 

Get SALT Encoding   

  12  0:36  Nexus  
  12  0:51  Pylon  
  12  1:11  Gateway  
  12  1:17  Forge  
  12  1:36  Assimilator  
  12  1:40  Assimilator  
  12  1:52  Photon Cannon  
  12  2:12  Cybernetics Core  
  12  2:16  Probe  
  13  2:28  Probe x2 (Chrono Boost)  
  15  2:39  Probe (Chrono Boost)  
  16  2:44  Probe (Chrono Boost)  
  16  2:47  Pylon  
  17  2:54  Probe  
  18  3:06  Photon Cannon  
  18  3:09  Photon Cannon  
  18  3:19  Pylon  
  18  3:22  Probe (Chrono Boost)  
  19  3:29  Protoss Air Weapons Level 1  
  19  3:33  Probe (Chrono Boost)  
  20  3:37  Probe (Chrono Boost)  
  21  4:14  Stargate  
  21  4:16  Stargate  
  21  4:32  Shield Battery  
  21  4:39  Photon Cannon  
  21  4:43  Pylon  
  25  5:04  Void Ray  
  29  5:23  Void Ray  
  29  5:47  Fleet Beacon  
  33  6:02  Void Ray  
  33  6:32  Nexus  
  33  7:06  Carrier  
  39  7:18  Pylon  
  39  7:36  Probe  
  40  7:48  Probe  
  47  7:54  Carrier (Chrono Boost)  
  47  7:56  Assimilator  
  47  8:01  Assimilator  
  47  8:12  Carrier (Chrono Boost)  
Show
View Real Time Build Order
Export as new Build Order

Kurb Zerg 

Build Orders: Pool First 

Get SALT Encoding   

  12  0:19  Spawning Pool  
  11  0:23  Drone  
  11  0:27  Drone  
  13  0:34  Drone  
  14  0:38  Extractor  
  13  0:44  Overlord  
  13  1:06  Queen  
  13  1:09  Zergling x2  
  16  1:15  Drone  
  16  1:16  Extractor  
  16  1:49  Drone  
  17  1:55  Lair  
  17  2:17  Hatchery  
  15  3:11  Spire  
  14  3:13  Drone  
  14  3:14  Drone x3  
  14  3:16  Spine Crawler  
  17  4:08  Drone  
  18  4:23  Mutalisk x2  
  18  4:24  Mutalisk x3  
  28  4:44  Overlord  
  28  6:07  Corruptor  
  28  6:08  Corruptor  
  32  6:43  Corruptor  
  32  6:44  Corruptor  
  36  6:54  Zerg Flyer Weapons Level 1  
  36  6:57  Overlord x3  
  34  8:03  Drone x2  
  34  8:04  Roach Warren  
  35  8:07  Mutalisk x2, Corruptor x2  
  43  8:14  Drone x3  
  46  9:18  Roach x4  
Tags
 
Add a new tag
Caveats
  • Supply blocks, unpowered buildings, or Contaminate may cause inaccurate times.
  • Supply counts are checked every 10 seconds.